 Dungeon Crawl Stone Soup version 0.29.1-2-gbd0b4ee654 (webtiles) character file.

Game seed: 4688285460272898282

157 LustLizard the Insei (level 5, -8/34 HPs)
             Began as an Octopode Transmuter on Nov 30, 2022.
             Killed by divine providence
             ... invoked by an orc priest
              (11 damage)
             ... on level 3 of the Dungeon.
             The game lasted 00:05:58 (2928 turns).

LustLizard the Insei (Octopode Transmuter)          Turns: 2928, Time: 00:05:58

Health: -8/34      AC:  1    Str:  9    XL:     5   Next: 38%
Magic:  5/8        EV: 13    Int: 18    God:
Gold:   98         SH:  0    Dex: 12    Spells: 1/8 levels left

rFire   . . .      SeeInvis .     - Unarmed
rCold   . . .      Faith    .   (no shield)
rNeg    . . .      Spirit   .   (helmet currently unavailable)
rPois   .          Reflect  .   (no amulet)
rElec   .          Harm     .   (no ring)
rCorr   .          Rampage  .   (no ring)
Will    .....                   (no ring)
Stlth   ++........              (no ring)
HPRegen 0.11/turn               (no ring)
MPRegen 0.11/turn               (no ring)
                                (no ring)
                                (no ring)

@: appendages, wereblooded
A: tentacle spike 3, almost no armour, amphibious, 8 rings, camouflage 1,
gelatinous body 1, (nimble swimmer 1), tentacles
a: End Transformation


You were on level 3 of the Dungeon.
One of your tentacles had grown a beastly spike.
You visited 1 branch of the dungeon, and saw 3 of its levels.

You collected 98 gold pieces.

Inventory:

Jewellery
 e - a ring of fire
Scrolls
 b - 2 scrolls of enchant armour {unknown}
 c - a scroll of identify {unknown}
 f - a scroll of blinking {unknown}
 g - a scroll of vulnerability {unknown}
 i - 3 scrolls of teleportation
 j - a scroll of torment {unknown}
 k - a scroll of magic mapping {unknown}
Potions
 a - a potion of lignification
 d - a potion of mutation {unknown}
 h - 2 potions of curing {unknown}


   Skills:
 + Level 2.3 Fighting
 - Level 2.0 Dodging
 * Level 4.5 Unarmed Combat
 - Level 2.0 Spellcasting
 + Level 3.0 Transmutations
 * Level 1.5 Ice Magic


You had one spell level left.
You knew the following spells:

 Your Spells              Type           Power      Damage    Failure   Level
a - Beastly Appendage     Tmut           24%        N/A       5%          1
b - Wereblood             Tmut           12%        N/A       8%          2
c - Ice Form              Ice/Tmut       9%         N/A       56%         4

Your spell library contained the following spells:

 Spells                   Type           Power      Damage    Failure   Level
 Spider Form              Tmut/Pois      7%         N/A       28%         3


Dungeon Overview and Level Annotations

Branches:
Dungeon (3/15)

Altars:


Innate Abilities, Weirdness & Mutations

One of your tentacles has grown a beastly spike.
You cannot wear most types of armour.
You are amphibious.
You can wear up to eight rings at the same time.
Your skin changes colour to match your surroundings (Stealth+).
Your rubbery body absorbs attacks. (AC +1, EV +1)
((You are camouflaged when in or above water. (Stealth+)))
You have tentacles for arms and can constrict up to eight enemies at once.


Message History

The orc priest calls down the wrath of Beogh upon you.
Beogh smites you! The orc attacks as you move away!
The orc hits you with a +0 mace.
* * * LOW HITPOINT WARNING * * *
You barely miss the orc. Your grab misses the orc.
The orc is severely wounded.
The orc barely misses you.
Casting: Wereblood (safe; 8% risk of failure)
Confirm with . or Enter, or press ? or * to list all spells.
Okay, then.
Casting: Wereblood (safe; 8% risk of failure)
Confirm with . or Enter, or press ? or * to list all spells.
Your blood is infused with primal strength.
The orc barely misses you.
You tentacle-slap the orc but do no damage.
Your grab misses the orc.
The orc is severely wounded.
The orc misses you.
You bludgeon the orc!
You feel a bit better.
You kill the orc!
You howl as the wereblood boils in your veins!
Casting: Wereblood (safe; 8% risk of failure)
Confirm with . or Enter, or press ? or * to list all spells.
One of your tentacles grows a vicious spike.
The orc barely misses you.
You tentacle-slap the orc. Your grab misses the orc.
You pierce the orc.
You feel a bit better.
You kill the orc!
You howl as the wereblood boils in your veins!
The orc priest mumbles some strange prayers to Beogh against you.
Beogh smites you!
* * * LOW HITPOINT WARNING * * *
The orc priest casts a cantrip, but nothing happens.
Items here: )) [ †.
You closely miss the orc priest. Your grab misses the orc priest.
You tentacle-slap the orc priest.
The orc priest is moderately wounded.
The orc priest mumbles some strange prayers to Beogh against you.
Beogh smites you!
You die...

....... ....o.. ...o...
)...... ....... .......
.......
.......###############
...............o@....#
####################.#
#.## #..### ##...# ###.#
#######################.#
........................#
..#..#..#.(#..#..#..#...#


You could see an orc priest.

Vanquished Creatures
  A scorpion (D:3)
  3 adders
  3 dart slugs
  A worm (D:2)
  3 orcs (D:3)
  4 bats
  4 endoplasms
  2 giant cockroaches
  2 goblins
  3 hobgoblins
  6 jackals
  3 quokkas
  9 ball pythons
  2 frilled lizards
  4 kobolds (D:1)
  9 rats
59 creatures vanquished.

Notes
Turn   | Place    | Note
-------+----------+-------------------------------------------
     0 | D:1      | LustLizard the Octopode Transmuter began the quest for the
                  | Orb.
     0 | D:1      | Reached XP level 1. HP: 13/13 MP: 3/3
   348 | D:1      | Reached XP level 2. HP: 9/18 MP: 3/5
   363 | D:1      | Learned a level 2 spell: Wereblood
   897 | D:1      | Reached XP level 3. HP: 18/23 MP: 4/6
  1648 | D:2      | Found a faded altar of an unknown god.
  1964 | D:2      | Reached skill level 4 in Unarmed Combat
  1969 | D:2      | Reached XP level 4. HP: 28/29 MP: 2/7
  1986 | D:2      | Learned a level 4 spell: Ice Form
  2780 | D:3      | Noticed a scorpion
  2789 | D:3      | Killed a scorpion
  2790 | D:3      | Reached skill level 1 in Ice Magic
  2790 | D:3      | Reached XP level 5. HP: 33/34 MP: 5/8
  2928 | D:3      | Killed from afar by an orc priest

Illustrated notes

Levels and vault maps discovered:
D:1:      dpeg_arrival_more_subterranean_lakeside_camping, layout_rooms,
          kennysheep_crisscross, minivault_24
D:2:      layout_basic, dreamdust_ecumenical_altar_grove, minmay_tiny_reverse_x
D:3:      layout_basic, columned_hall_lemuel

Skill      XL: |  1  2  3  4 |
---------------+-------------+-----
Unarmed Combat | 4 |  4.5
Fighting       | 2 |  2.3
Transmutations | 3 |  3.0
Ice Magic      | 1 |  1.5
Dodging        | |  2.0
Spellcasting   | |  2.0

Action                   |  1- 3 |  4- 6 || total
-------------------------+-------+-------++-------
Melee: Unarmed           |    84 |    41 ||   125
       Kick              |    21 |    13 ||    34
       Constrict         |    17 |    12 ||    29
       Tentacles         |    10 |     6 ||    16
       Punch             |     1 |     2 ||     3
 Cast: Beastly Appendage |    26 |     5 ||    31
       Wereblood         |     6 |     4 ||    10
  Use: Scroll            |       |     1 ||     1
 Stab: Sleeping          |     4 |     1 ||     5
       Distracted        |     1 |       ||     1
Armor: Skin              |     7 |     1 ||     8
Dodge: Dodged            |    51 |    23 ||    74
